Map: Orbital Shipyard

Players

wabbajack - Winner!

  • Race: Terran Terran
  • League: Gold

VOD

Have the link to the VOD?

Description

Time

  • Played on: July 17, 2015, 11:42 a.m.
  • Length: 7:22
Show
View Real Time Build Order
Export as new Build Order

wabbajack Terran - Winner!

Build Orders:  

Get SALT Encoding   

  12  0:03  SCV  
  12  0:15  SCV  
  12  0:19  Supply Depot  
  12  0:27  SCV  
  12  0:40  SCV  
  12  0:52  SCV  
  12  1:02  Command Center  
  12  1:07  SCV  
  12  1:17  Barracks  
  12  1:20  SCV  
  12  1:32  Supply Depot, SCV  
  12  1:44  Barracks  
  12  1:45  SCV  
  12  1:49  Refinery  
  12  1:57  SCV  
  12  1:59  Refinery  
  12  2:09  Marine  
  12  2:15  Orbital Command  
  12  2:22  Orbital Command  
  12  2:27  Marine  
  12  2:41  Factory  
  12  2:43  SCV  
  12  2:48  Marine x2  
  12  2:50  SCV  
  12  3:01  SCV  
  12  3:02  SCV  
  12  3:10  Barracks Reactor  
  12  3:13  Barracks Tech Lab  
  12  3:19  Barracks Reactor  
  12  3:22  SCV x2  
  12  3:27  Refinery  
  12  3:31  Hellion  
  12  3:34  SCV  
  12  3:35  SCV  
  12  3:36  Supply Depot  
  12  3:46  Starport  
  12  3:56  Marine x2  
  12  4:00  Supply Depot  
  12  4:01  SCV  
  12  4:02  SCV  
  12  4:05  Hellion  
  12  4:06  Hellion  
  12  4:09  Barracks Tech Lab  
  12  4:13  SCV  
  12  4:14  SCV  
  12  4:23  Supply Depot  
  12  4:28  Hellion  
  12  4:29  Hellion  
  12  4:32  Medivac x2  
  12  4:35  Barracks Reactor, Marine  
  12  4:42  SCV x2  
  12  4:43  Armory  
  12  4:48  Supply Depot  
  12  4:51  Hellion x2  
  12  4:54  SCV x2  
  12  4:56  Marine  
  12  4:57  Combat Shields  
  12  5:03  Medivac  
  12  5:08  SCV x2, Liberator  
  12  5:11  Supply Depot  
  12  5:13  Refinery  
  12  5:20  SCV x2  
  12  5:22  Command Center  
  12  5:25  Liberator  
  12  5:28  Marine x2  
  12  5:29  Hellion, Marine  
  12  5:33  Hellion  
  12  5:35  Supply Depot  
  12  5:38  Supply Depot  
  12  5:45  Marine  
  12  5:46  Marine  
  12  5:47  Marine  
  12  5:55  Liberator  
  12  5:56  Hellion x2  
  12  6:01  Supply Depot  
  12  6:06  Supply Depot  
  12  6:07  SCV x2  
  12  6:13  Marine x2  
  12  6:14  Marauder  
  12  6:17  Liberator  
  12  6:18  Hellbat  
  12  6:23  Hellbat  
  12  6:28  SCV x2  
  12  6:38  Marine x2  
  12  6:39  Marine  
  12  6:44  Hellbat  
  12  6:45  Hellbat  
Tags
 
Add a new tag
Caveats
  • Supply blocks, unpowered buildings, or Contaminate may cause inaccurate times.
  • Supply counts are checked every 10 seconds.